 Dungeon Crawl Stone Soup version 0.24.0-2-g5b39cebb1c (webtiles) character file.

Game seed: 15422311465411137383, levelgen mode: deterministic

84 Nivan the Conjurer (level 4, -1/33 HPs)
             Began as a Draconian Conjurer on Oct 30, 2019.
             Slain by a scorpion (10 damage)
             ... on level 4 of the Dungeon.
             The game lasted 00:10:02 (3170 turns).

Nivan the Conjurer (Draconian Conjurer)             Turns: 3170, Time: 00:10:02

Health: -1/33      AC:  5    Str: 10    XL:     4   Next: 24%
Magic:  0/7        EV: 11    Int: 17    God:
Gold:   239        SH:  8    Dex: 11    Spells: 7/8 levels left

rFire    . . .     SeeInvis .   e - +0 hand axe
rCold    . . .     Gourm    .   a - +0 buckler
rNeg     . . .     Faith    .   (armour unavailable)
rPois    .         Spirit   .   (helmet restricted)
rElec    .         Reflect  +   (no cloak)
rCorr    .         Harm     .   (no gloves)
MR       .....                  (no boots)
Stlth    ++........             r - +5 amulet of reflection
HPRegen  0.11/turn              (no ring)
MPRegen  0.10/turn              (no ring)

@: no status effects
A: unfitting armour, cold-blooded, AC +5
a: no special abilities


You were on level 4 of the Dungeon.
You were very hungry.

You visited 1 branch of the dungeon, and saw 4 of its levels.

You collected 239 gold pieces.

Inventory:

Hand Weapons
 e - a +0 hand axe (weapon)
 t - a +0 flail
Armour
 a - a +0 buckler (worn)
 i - a +2 shield
 u - a +0 shield
Jewellery
 r - a +5 amulet of reflection (around neck)
Scrolls
 c - a scroll of remove curse
 d - 5 scrolls of teleportation {unknown}
 g - a scroll of enchant armour {unknown}
 h - a scroll of blinking {unknown}
 j - a scroll of identify {unknown}
 k - a scroll of magic mapping {unknown}
 l - 2 scrolls of fear {unknown}
 o - a scroll of enchant weapon {unknown}
 q - a scroll of immolation {unknown}
Potions
 f - 2 potions of curing
 m - a potion of heal wounds {unknown}
 n - 2 potions of brilliance {unknown}
 p - a potion of haste {unknown}
 s - 2 potions of agility {unknown}
 v - a potion of flight {unknown}
Comestibles
 b - 13 rations


   Skills:
 + Level 0.1 Fighting
 + Level 2.0 Dodging
 + Level 2.2 Stealth
 + Level 0.4 Shields
 * Level 2.5 Spellcasting
 * Level 5.1 Conjurations


You had 7 spell levels left.
You knew the following spells:

 Your Spells              Type           Power        Failure   Level  Hunger
a - Magic Dart            Conj           ###.         3%          1    #......

Your spell library contained the following spells:

 Spells                   Type           Power        Failure   Level  Hunger
 Searing Ray              Conj           ###...       5%          2    ##.....
 Dazzling Spray           Conj/Hex       ##....       30%         3    ###....
 Iskenderun's Mystic Bla  Conj           ###.....     34%         4    #####..
 Force Lance              Conj/Tloc      ##......     69%         4    #####..
 Fulminant Prism          Conj/Hex       ##........   69%         4    #####..


Dungeon Overview and Level Annotations

Branches:
Dungeon (4/15)
 Temple: D:4-7

Altars:


Innate Abilities, Weirdness & Mutations

Your plain brown scales are hard. (AC +5)
You cannot fit into any form of body armour.
You are cold-blooded and may be slowed by cold attacks.


Message History

You block the scorpion's attack.
Casting: Magic Dart (safe; 3% risk of failure)
Confirm with . or Enter, or press ? or * to list all spells.
Aiming: Magic Dart (safe; 3% risk of failure)
Press: ? - help, Shift-Dir - straight line, f/p - scorpion
Aim: a scorpion (severely wounded)
The magic dart hits the scorpion but does no damage.
The scorpion is severely wounded.
You block the scorpion's attack.
Found 22 stones.
There is an escape hatch in the ceiling here.
Casting: Magic Dart (safe; 3% risk of failure)
Confirm with . or Enter, or press ? or * to list all spells.
Aiming: Magic Dart (safe; 3% risk of failure)
Press: ? - help, Shift-Dir - straight line, f/p - scorpion
Aim: a scorpion (severely wounded)
The magic dart hits the scorpion.
The scorpion is almost dead.
The scorpion stings you!
You die...

#..##### #.. #..# ##..
#..# #### #..#
#..###..### ##.##
#.........## ##..#
###..........# #.<##
###............# ##..##
#...........[..# #..#.#
#......@s......###....##
##............###......#
#.....................#
##.....................
#.....................
#......................
..##...(................
.# ##...................
##..................


You could see a scorpion.

Vanquished Creatures
  Robin (D:2)
  An adder (D:2)
  An adder skeleton (D:2)
  2 dart slugs (D:3)
  A leopard gecko (D:1)
  An orc (D:3)
  A ball python (D:3)
  2 giant cockroaches
  7 goblins
  10 hobgoblins
  A quokka (D:3)
  9 bats
  2 frilled lizards (D:1)
  10 kobolds
  2 rats
51 creatures vanquished.

Notes
Turn   | Place    | Note
-------+----------+-------------------------------------------
     0 | D:1      | Nivan the Draconian Conjurer began the quest for the Orb.
     0 | D:1      | Reached XP level 1. HP: 14/14 MP: 3/3
   415 | D:1      | Reached XP level 2. HP: 20/20 MP: 0/5
  1413 | D:3      | Reached XP level 3. HP: 24/26 MP: 2/6
  1734 | D:3      | Noticed a big kobold
  1892 | D:2      | Noticed Robin
  1945 | D:2      | Killed Robin
  1945 | D:2      | Reached skill level 5 in Conjurations
  2074 | D:2      | Reached XP level 4. HP: 33/33 MP: 2/7
  3170 | D:4      | Slain by a scorpion

Levels and vault maps discovered:
D:1:      lightli_arrival_noodles, layout_basic, chequers_hall_statues_corner_a
D:2:      layout_basic, minivault_4, uniq_robin
D:3:      cheibrodos_thug_alley, layout_loops_ring
D:4:      cheibrodos_pilgrimage, layout_cave_pods, first_ration, minivault_1,
          hangedman_abyss_or_decor_passed

Skill      XL: |  1  2  3  4 |
---------------+-------------+-----
Stealth        | 2 |  2.2
Conjurations   | 5 |  5.1
Dodging        | 2 |  2.0
Fighting       | |  0.1
Shields        | |  0.4
Spellcasting   | |  2.5

Action                   |  1- 3 |  4- 6 || total
-------------------------+-------+-------++-------
Melee: Unarmed           |    16 |       ||    16
       Hand axe          |    37 |     5 ||    42
       Tailslap          |     5 |       ||     5
       Flail             |       |     4 ||     4
 Cast: Magic Dart        |    66 |    33 ||    99
  Use: Scroll            |       |     1 ||     1
       Potion            |       |     1 ||     1
  Eat: Chunk             |     5 |     2 ||     7
Armor: Skin              |    21 |     2 ||    23
Dodge: Dodged            |    36 |     5 ||    41
Block: Buckler           |     7 |     7 ||    14
